 Dungeon Crawl Stone Soup version 0.27.1-33-g824d729ab1 (webtiles) character file.

Game seed: 4448078574850466516

31 djsenpai the Shield-Bearer (level 3, -3/23 HPs)
             Began as a Gargoyle Fighter on Dec 12, 2021.
             Killed from afar by Sigmund (5 damage)
             ... with a puff of flame
             ... on level 2 of the Dungeon.
             The game lasted 00:02:12 (1415 turns).

djsenpai the Shield-Bearer (Gargoyle Fighter)       Turns: 1415, Time: 00:02:13

Health: -3/23      AC: 13    Str: 20    XL:     3   Next: 22%
Magic:  3/3        EV:  5    Int:  8    God:
Gold:   43         SH:  9    Dex:  9    Spells: 2/2 levels left

rFire    . . .     SeeInvis .   a - +0 flail
rCold    . . .     Faith    .   c - +0 kite shield
rNeg     + . .     Spirit   .   g - +0 chain mail
rPois    ∞         Reflect  .   (no helmet)
rElec    +         Harm     .   (no cloak)
rCorr    .         Rampage  .   e - +0 pair of gloves
Will     .....                  (no boots)
Stlth    ..........             (no amulet)
HPRegen  0.07/turn              (no ring)
MPRegen  0.08/turn              (no ring)

@: no status effects
A: sickness immunity, AC +3, negative energy resistance 1, electricity
resistance, torment resistance 1, petrification resistance
a: no special abilities


You were on level 2 of the Dungeon.
You visited 1 branch of the dungeon, and saw 2 of its levels.

You collected 43 gold pieces.

Inventory:

Hand Weapons
 a - a +0 flail (weapon)
Armour
 c - a +0 kite shield (worn)
 e - a +0 pair of gloves (worn)
 g - a +0 chain mail (worn)
Potions
 d - a potion of might
 f - a potion of heal wounds {unknown}


   Skills:
 + Level 3.5 Fighting
 + Level 2.3 Maces & Flails
 + Level 3.6 Armour
 + Level 3.8 Shields


You had 2 spell levels left.
You didn't know any spells.
Your spell library was empty.

Dungeon Overview and Level Annotations

Branches:
Dungeon (2/15)

Altars:

Annotations:
D:2 Sigmund


Innate Abilities, Weirdness & Mutations

You are immune to sickness and miasma.
Your stone body is resilient. (AC +3)
You are immune to poison.
You resist negative energy. (rN+)
You are resistant to electric shocks. (rElec)
You are resistant to unholy torment.
You are immune to petrification.


Message History

Sigmund hits you from afar with a +0 scythe.
You block Sigmund's attack.
You climb upwards.
There is a stone staircase leading down here.
Things that are here:
a +0 dagger; a goblin corpse You start resting.
HP restored.
Things that are here:
a +0 dagger; a goblin skeleton
There is a stone staircase leading down here.
You climb downwards.
Level annotation: Sigmund Sigmund gestures wildly while chanting.
Sigmund flickers and vanishes!
Deactivating autopickup; reactivate with Ctrl-A.
There is a stone staircase leading up here.
You swing at nothing.
Things that are here:
10 stones; a +0 dagger; a +0 hunting sling You see here a hobgoblin skeleton.
Something hits you.
You hear some strange, mumbled words.
A magic dart appears from out of thin air!
The magic dart hits you but does no damage.
Things that are here:
10 stones; a +0 dagger; a +0 hunting sling Something hits you!
Your shield and chain mail prevent you from hitting something.
An adder comes into view.
Something hits you.
A magic dart appears from out of thin air!
The magic dart hits you!
* * * LOW HITPOINT WARNING * * *
A kobold comes into view. It is wielding a +0 whip.
There is a stone staircase leading up here.
The kobold shouts!
You hear some strange, mumbled words.
A puff of flame appears from out of thin air!
The puff of flame hits you.
You die...

....>#.....##...
................
..............##
.............(..
#####K.........
##.........<
..#####..{.......#
........(#########
.......@÷#
.........#
..........#
#...........
#........###.
#........# #
#........#
#........#


You could see a kobold.

Vanquished Creatures
  An adder (D:1)
  A ball python (D:1)
  2 endoplasms (D:1)
  A giant cockroach (D:1)
  4 goblins
  3 hobgoblins
  A kobold (D:1)
  A quokka (D:1)
  3 bats (D:1)
  A frilled lizard (D:1)
  A rat (D:1)
19 creatures vanquished.

Notes
Turn   | Place    | Note
-------+----------+-------------------------------------------
     0 | D:1      | djsenpai the Gargoyle Fighter began the quest for the Orb.
     0 | D:1      | Reached XP level 1. HP: 14/14 MP: 1/1
   332 | D:1      | Reached XP level 2. HP: 19/19 MP: 2/2
  1141 | D:2      | Noticed Sigmund
  1156 | D:1      | Reached XP level 3. HP: 19/23 MP: 3/3
  1415 | D:2      | Killed from afar by Sigmund

Illustrated notes

Levels and vault maps discovered:
D:1:      wander_arrival_peaceful_grave, layout_basic
D:2:      layout_rooms, chequers_serial_rivers_small_b, uniq_sigmund

Action                   || total
-------------------------++-------
Melee: Flail             ||    52
Armor: Scale mail        ||    14
       Chain mail        ||    19
Dodge: Dodged            ||    13
Block: Kite shield       ||    37
